 Dungeon Crawl Stone Soup version 0.25-a0-424-g80bd347ae0 (webtiles) character file.

Game seed: 11088296945741084673, levelgen mode: deterministic

87 Batziy the Chopper (level 4, -3/40 HPs)
             Began as a Hill Orc Berserker on Jan 21, 2020.
             Was a Believer of Trog.
             Slain by an orc
             ... wielding a +0 flail
              (8 damage)
             ... on level 3 of the Dungeon.
             The game lasted 00:17:19 (2700 turns).

Batziy the Chopper (Hill Orc Berserker)             Turns: 2700, Time: 00:17:19

Health: -3/40      AC:  6    Str: 20    XL:     4   Next: 51%
Magic:  4/4        EV: 10    Int:  7    God:    Trog [**....]
Gold:   159        SH:  0    Dex: 10    Spells: 3/3 levels left

rFire    + . .     SeeInvis .   a - +0 hand axe
rCold    + . .     Gourm    .   (no shield)
rNeg     . . .     Faith    .   g - +0 scale mail
rPois    .         Spirit   .   (no helmet)
rElec    .         Reflect  .   t - scarf {rC+ rF+}
rCorr    .         Harm     .   (no gloves)
MR       .....                  (no boots)
Stlth    ..........             (no amulet)
HPRegen  0.13/turn              (no ring)
MPRegen  0.09/turn              (no ring)

@: no status effects
A: no striking features
a: Berserk, Trog's Hand, Renounce Religion


You were on level 3 of the Dungeon.
You worshipped Trog.
Trog was pleased with you.
You were not hungry.

You visited 1 branch of the dungeon, and saw 4 of its levels.

You collected 159 gold pieces.

Inventory:

Hand Weapons
 a - a +0 hand axe (weapon)
 r - a +0 club
 B - a +0 flail
Armour
 b - a +0 animal skin
 g - a +0 scale mail (worn)
 t - a scarf of resistance (worn)
 C - a +0 chain mail
Jewellery
 k - a +2 ring of intelligence {unknown}
 y - a +5 ring of intelligence {unknown}
Scrolls
 f - 4 scrolls of identify {unknown}
 j - 3 scrolls of teleportation {unknown}
 m - a scroll of noise {unknown}
 p - a scroll of fear {unknown}
 s - 3 scrolls of amnesia {unknown}
 v - a scroll of enchant armour {unknown}
 A - a scroll of blinking {unknown}
Potions
 d - 2 potions of lignification {unknown}
 e - 2 potions of haste {unknown}
 h - a potion of agility {unknown}
 i - 6 potions of curing {unknown}
 l - a potion of heal wounds {unknown}
 n - a potion of ambrosia {unknown}
 o - a potion of degeneration {unknown}
 u - a potion of might {unknown}
 x - a potion of invisibility {unknown}
 z - 2 potions of flight {unknown}
Comestibles
 c - 6 rations
 w - 8 chunks of flesh


   Skills:
 + Level 4.2 Fighting
 + Level 5.4 Axes
 + Level 3.2 Armour
 + Level 1.8 Dodging
 + Level 0.1 Stealth


You had 3 spell levels left.
You didn't know any spells.
Your spell library was empty.

Dungeon Overview and Level Annotations

Branches:
Dungeon (4/15)
 Temple: D:4-7

Altars:


Message History

The orc hits you with a +0 short sword.
* * * LOW HITPOINT WARNING * * *
You barely miss the orc.
The orc is moderately wounded.
You hit the orc but do no damage. The orc hits you but does no damage.
The orc hits you with a +0 flail.
* * * LOW HITPOINT WARNING * * *
The orc misses you. The orc barely misses you.
You completely miss the orc.
The orc is almost dead.
You closely miss the orc.
An orc comes into view.
The orc barely misses you.
Things that are here:
a leather armour; an orc skeleton You hit the orc.
The orc is heavily wounded.
The orc hits you with a +0 flail!
You die...

##................. ..
##.#...........##.#..
...#.#...#..##<##.#.
...#.#...#..##........
...#.#...#..#####o#...
...#........#####.###.#.#
...#.# .##......o.......#
...#.##.##.#####o####.###
.....##.......##@##
...#....:.........#
.#...#.###.##.##..#
.##...............#
..>.##.###.#####..#
.#####.###.# #..#
.#####.....# #รท.#
........##.# #..##
#######.##.#####...##


You could see 3 orcs.

Vanquished Creatures
  3 adders (D:2)
  3 worms (D:2)
  A dart slug (D:1)
  3 leopard geckos
  3 orcs (D:3)
  2 giant cockroaches
  8 goblins
  5 hobgoblins
  4 ball pythons
  5 bats
  3 frilled lizards (D:1)
  3 kobolds
  3 rats
46 creatures vanquished.

Notes
Turn   | Place    | Note
-------+----------+-------------------------------------------
     0 | D:1      | Batziy the Hill Orc Berserker began the quest for the Orb.
     0 | D:1      | Reached XP level 1. HP: 19/19 MP: 1/1
   302 | D:1      | Reached XP level 2. HP: 18/27 MP: 2/2
  1296 | D:2      | Reached ** piety under Trog
  1296 | D:2      | Reached XP level 3. HP: 33/33 MP: 3/3
  1700 | D:2      | Reached skill level 5 in Axes
  1728 | D:3      | Reached XP level 4. HP: 27/40 MP: 4/4
  2700 | D:3      | Slain by an orc

Levels and vault maps discovered:
D:1:      sevenhm_arrival_forest_fort_small_6, layout_loops_ring
D:2:      layout_loops_ring, due_unseen_surprise
D:3:      layout_loops_cross, hangedman_decor_points
D:4:      layout_loops_ring, minmay_temple_entry_enclosed_plants, uniq_robin

Skill      XL: |  1  2  3 |
---------------+----------+-----
Fighting       | 4 |  4.2
Axes           | 5 |  5.4
Armour         | 3 |  3.2
Dodging        | |  1.8
Stealth        | |  0.1

Action                   |  1- 3 |  4- 6 || total
-------------------------+-------+-------++-------
Melee: Hand axe          |   142 |    59 ||   201
  Eat: Chunk             |     2 |     4 ||     6
Armor: Scale mail        |    46 |    21 ||    67
       Animal skin       |    11 |       ||    11
Dodge: Dodged            |    97 |    26 ||   123

Table legend:
 A = Non-vault XP
 B = Vault XP
 C = Vault XP percentage of total XP
 D = Non-vault monster count
 E = Vault monster count
 F = Vault count percentage of total count
                 A         B        C        D         E       F
            +---------+---------+-------+---------+---------+-------
      Total |     125 |       0 |   0.0 |      46 |       0 |   0.0
            +---------+---------+-------+---------+---------+-------
        D:1 |      33 |       0 |   0.0 |      21 |       0 |   0.0
        D:2 |      66 |       0 |   0.0 |      12 |       0 |   0.0
        D:3 |      26 |       0 |   0.0 |      13 |       0 |   0.0
            +---------+---------+-------+---------+---------+-------
